 Dungeon Crawl Stone Soup version 0.30-a0-986-g7f2e898f52 (webtiles) character file.

Game seed: 4817968000402129728

1271 heikuro the Shield-Bearer (level 8, 0/63 HPs)
             Began as a Formicid Fighter on Apr 2, 2023.
             Was an Initiate of Sif Muna.
             Slain by a two-headed ogre
             ... wielding a +0 giant club
              (7 damage)
             ... on level 7 of the Dungeon.
             The game lasted 00:12:35 (6131 turns).

heikuro the Shield-Bearer (Formicid Fighter)        Turns: 6131, Time: 00:12:36

Health: 0/63       AC: 11    Str: 24    XL:     8   Next: 83%
Magic:  7/12       EV:  9    Int:  7    God:    Sif Muna [......]
Gold:   343        SH:  5    Dex: 13    Spells: 12/13 levels left

rFire   . . .      SeeInvis +    n - +2 hand axe (flame)
rCold   . . .      Faith    .    c - +0 buckler
rNeg    . . .      Spirit   .    b - +0 scale mail
rPois   .          Reflect  .    (helmet unavailable)
rElec   .          Rampage  .    (no cloak)
rCorr   .                        (no gloves)
Will    .....                    (no boots) Stlth
                                 (no amulet)
HPRegen 0.30/turn                j - ring of wizardry
MPRegen 0.13/turn                t - +4 ring of protection

@: studying Summonings
A: permanent stasis, dig shafts and tunnels, antennae 3, four strong arms
a: Dig, Shaft Self, Renounce Religion


You were on level 7 of the Dungeon.
You worshipped Sif Muna.
Sif Muna was noncommittal.
You visited 2 branches of the dungeon, and saw 8 of its levels.

You collected 343 gold pieces.

Inventory:

Hand Weapons
 a - a +0 war axe
 n - a +2 hand axe of flaming (weapon)
 x - a +2 hand axe of freezing
 A - a +2 heavy hand axe
Missiles
 i - 15 poisoned darts (quivered)
 B - a throwing net
Armour
 b - a +0 scale mail (worn)
 c - a +0 buckler (worn)
Jewellery
 j - a ring of wizardry (left hand)
 s - the ring "Epeitiso" {Dex+6 SInv}
   (You found it on level 3 of the Dungeon)

   [ring of see invisible]

   Dex:       It affects your dexterity (+6).
   SInv:      It lets you see invisible.
 t - a +4 ring of protection (right hand)
 y - a ring of flight
Wands
 q - a wand of flame (9)
Scrolls
 d - a scroll of enchant weapon {unknown}
 e - 2 scrolls of magic mapping
 g - a scroll of blinking {unknown}
 l - a scroll of brand weapon {unknown}
 m - 3 scrolls of fog
 o - a scroll of silence {unknown}
 w - 2 scrolls of identify {unknown}
 z - a scroll of torment {unknown}
 D - a scroll of poison {unknown}
Potions
 f - a potion of heal wounds {unknown}
 h - a potion of lignification {unknown}
 k - 7 potions of curing {unknown}
 p - a potion of mutation {unknown}
 r - 3 potions of attraction {unknown}
 u - 2 potions of cancellation {unknown}
 C - 2 potions of ambrosia {unknown}


   Skills:
 + Level 5.4 Fighting
 + Level 5.2 Axes
 + Level 5.4 Armour
 + Level 6.4 Shields
 + Level 3.1 Spellcasting
 * Level 6.0 Summonings


You had 12 spell levels left.
You knew the following spells:

 Your Spells              Type           Power      Damage    Failure   Level
a - Summon Small Mammal   Summ           36%        N/A       3%          1

Your spell library contained the following spells:

 Spells                   Type           Power      Damage    Failure   Level
 Apportation              Tloc           2%         N/A       34%         1
 Magic Dart               Conj           4%         1d3       34%         1
 Necrotise                Necr           4%         1d4       34%         1
 Ensorcelled Hibernation  Hex/Ice        2%         N/A       47%         2
 Passwall                 Tmut/Erth      0%         N/A       47%         2
 Searing Ray              Conj           2%         2d4       47%         2
 Summon Ice Beast         Ice/Summ       5%         N/A       69%         4
 Frozen Ramparts          Ice            2%         1d1       71%         3
 Fulminant Prism          Conj/Hex       0%         3d5       97%         4
 Ice Form                 Ice/Tmut       1%         N/A       97%         4
 Alistair's Intoxication  Tmut/Pois      0%         N/A       100%        5
 Borgnjor's Vile Clutch   Necr/Erth      0%         N/A       100%        5
 Eringya's Noxious Bog    Tmut/Pois      0%         N/A       100%        6
 Swiftness                Air            Unusable   N/A       N/A         3

Dungeon Overview and Level Annotations

Branches:
Dungeon (7/15)             Temple (1/1) D:6

Altars:
Ashenzari
Cheibriados
Dithmenos
Elyvilon
Fedhas
Gozag
Kikubaaqudgha
Makhleb
Nemelex Xobeh
Okawaru
Qazlal
Ru
Sif Muna
Trog
Uskayaw
Vehumet
Wu Jian
Yredelemnul
Zin
The Shining One

Annotations:
D:3 2 transporters, Ahpoh's ghost, amateur GrGl


Innate Abilities, Weirdness & Mutations

You cannot be hasted, slowed, berserked, paralysed or teleported.
You can dig through walls and to a lower floor.
You have a pair of large antennae on your head. (SInv)
Your four strong arms can wield two-handed weapons with a shield.


Message History

There is a stone staircase leading down here.
You climb downwards.
There is a stone staircase leading up here.
A two-headed ogre comes into view.
It is wielding a +0 giant club and a +0 giant spiked club.
Casting: Summon Small Mammal (safe; 3% risk of failure)
Confirm with . or Enter, or press ? or * to list all spells.
Casting: Summon Small Mammal (safe; 3% risk of failure)
Confirm with . or Enter, or press ? or * to list all spells.
Casting: Summon Small Mammal (safe; 3% risk of failure)
Confirm with . or Enter, or press ? or * to list all spells.
Your bat disappears in a puff of smoke!
The two-headed ogre hits your rat with a +0 giant club!!
Your rat dies!
Your rat's corpse disappears in a puff of smoke!
Your rat bites the two-headed ogre.
The two-headed ogre hits your rat with a +0 giant club!!
Your rat dies!
Your rat's corpse disappears in a puff of smoke!
Casting: Summon Small Mammal (safe; 3% risk of failure)
Confirm with . or Enter, or press ? or * to list all spells.
Casting: Summon Small Mammal (safe; 3% risk of failure)
Confirm with . or Enter, or press ? or * to list all spells.
Your bat hits the two-headed ogre but does no damage.
The two-headed ogre hits you with a +0 giant club!!
The two-headed ogre hits you but does no damage.
Casting: Summon Small Mammal (safe; 3% risk of failure)
Confirm with . or Enter, or press ? or * to list all spells.
Your bat disappears in a puff of smoke!
You hit the two-headed ogre. You burn the two-headed ogre.
The two-headed ogre is lightly wounded.
Your bat hits the two-headed ogre but does no damage.
The two-headed ogre hits you with a +0 giant club!
The two-headed ogre hits you with a +0 giant spiked club!
* * * LOW HITPOINT WARNING * * *
Your rat bites the two-headed ogre but does no damage.
The two-headed ogre attacks as you move away!
The two-headed ogre hits you with a +0 giant club.
* * * LOW HITPOINT WARNING * * *
The two-headed ogre hits you with a +0 giant spiked club!
You die...

####### #.....# #.....#
#.....##### #.......§.#
######.....b...###
#............§...#
#.....####..@O.###
#.....##....r..###########..
#......#.#>.................
#....###.#.#.#.##########...
#....# #...#....# ###.##
###†...### #.# #....####
###.# #<....... { #...####
#.###....


You could see a two-headed ogre (ally target), a friendly bat (summoned) and a
friendly rat (summoned).

Vanquished Creatures
  A vampire (D:6)
  Menkaure (D:5)
  A water moccasin (D:6)
  An orc warrior (D:6)
  A sky beast (D:7)
  Blork the orc (D:4)
  A scorpion (D:6)
  A jelly (D:4)
  4 orc priests
  5 iguanas
  Ijyb (D:2)
  A sleepcap (D:6)
  Robin (D:3)
  4 gnolls (D:5)
  8 adders
  A shadow imp (D:6)
  A white imp (D:6)
  2 ufetubi (D:4)
  2 worms
  A dart slug (D:1)
  14 orcs
  4 ball pythons
  5 endoplasms
  5 goblins
  13 hobgoblins
  8 jackals
  4 kobolds
  5 quokkas
  6 bats
  2 frilled lizards
  5 rats
110 creatures vanquished.

Vanquished Creatures (others)
  7 plants (D:3)
7 creatures vanquished.

Grand Total: 117 creatures vanquished

Notes
Turn   | Place    | Note
-------+----------+-------------------------------------------
     0 | D:1      | heikuro the Formicid Fighter began the quest for the Orb.
     0 | D:1      | Reached XP level 1. HP: 18/18 MP: 1/1
    94 | D:1      | Reached XP level 2. HP: 24/24 MP: 2/2
   291 | D:1      | Reached XP level 3. HP: 28/29 MP: 3/3
   601 | D:1      | You fall into a shaft and drop 1 floor!
   732 | D:2      | Reached XP level 4. HP: 37/37 MP: 4/4
  1305 | D:3      | Noticed Ijyb
  1305 | D:3      | Noticed Robin
  1405 | D:2      | Killed Ijyb
  1406 | D:2      | Reached XP level 5. HP: 18/42 MP: 5/5
  1500 | D:3      | Killed Robin
  1501 | D:3      | Reached skill level 1 in Summonings
  1521 | D:3      | Noticed Ahpoh's ghost (amateur GrGl)
  1570 | D:3      | Found a transporter.
  1628 | D:3      | Identified the ring "Epeitiso" {Dex+6 SInv}
  1642 | D:3      | Found a transporter.
  1841 | D:3      | Found a faded altar of an unknown god.
  2353 | D:4      | Reached skill level 5 in Shields
  2353 | D:4      | Reached XP level 6. HP: 29/48 MP: 6/6
  2440 | D:4      | Learned a level 1 spell: Summon Small Mammal
  2487 | D:4      | Identified the +1 short sword of Insufficient Pleasure
                  | {heavy, Str+3 Stlth+}
  2543 | D:4      | Noticed Blork the orc
  2554 | D:4      | Killed Blork the orc
  3083 | D:5      | Entered Level 5 of the Dungeon
  3204 | D:5      | Reached skill level 1 in Spellcasting
  3450 | D:5      | Noticed Menkaure
  3453 | D:5      | Reached XP level 7. HP: 53/55 MP: 8/8
  3924 | D:5      | Killed Menkaure
  4320 | D:6      | HP: 1/55 [orc warrior/+0 short sword (4)]
  4664 | D:6      | Noticed a water moccasin
  4693 | D:6      | Reached XP level 8. HP: 27/61 MP: 8/11
  4696 | D:6      | Reached skill level 5 in Armour
  4868 | D:6      | Found a hide-covered altar of Uskayaw.
  4869 | D:6      | Found a sacrificial altar of Ru.
  4885 | D:6      | Noticed a vampire
  4935 | D:6      | Killed a vampire
  4936 | D:6      | Reached skill level 5 in Fighting
  4936 | D:6      | Reached skill level 5 in Summonings
  5184 | D:6      | Reached skill level 5 in Axes
  5285 | D:6      | HP: 3/62 [iguana (10)]
  5659 | D:6      | Found a staircase to the Ecumenical Temple.
  5671 | Temple   | Entered the Ecumenical Temple
  5852 | Temple   | Became a worshipper of Sif Muna the Loreminder
  6111 | D:7      | Noticed a two-headed ogre
  6131 | D:7      | Slain by a two-headed ogre

Illustrated notes

Levels and vault maps discovered:
D:1:      minmay_arrival_split_and_join, layout_loops_ring, minmay_pentomino_v2
D:2:      layout_basic
D:3:      layout_loops_ring, gammafunk_ghost_gnarly_gnolls,
          shapermc_ecumenical_altar_acropolis, serial_park_tiny_pond,
          nicolae_goblin_pals, uniq_robin
D:4:      layout_basic, uniq_blork_the_orc
D:5:      nicolae_cairo_tiling_large_dashed, layout_loops_ring, uniq_menkaure
D:6:      layout_loops_ring, gammafunk_temple_overflow_wave, temple_hall
D:7:      layout_basic, grunt_ogre_cave
Temple:   regret_index_temple_chain_breaker

Skill      XL: |  1  2  3  4  5  6  7  8 |
---------------+-------------------------+-----
Axes           | 3 4 5 |  5.2
Summonings     | 1 2 4 6 |  6.0
Fighting       | 4 5 |  5.4
Armour         | 4 5 |  5.4
Shields        | 5 6 |  6.4
Spellcasting   | 1 2 3 |  3.1

Action                     |  1- 3 |  4- 6 |  7- 9 || total
---------------------------+-------+-------+-------++-------
  Melee: War axe           |    63 |     1 |       ||    64
         Hand axe          |       |   147 |   117 ||   264
   Cast: Summon Small Mamm |       |     5 |    22 ||    27
Ability: Dig               |       |       |     1 ||     1
    Use: Scroll            |       |       |     3 ||     3
         Potion            |       |       |     1 ||     1
 Armour: Scale mail        |    25 |    66 |    78 ||   169
  Dodge: Dodged            |    35 |    67 |    77 ||   179
  Block: Buckler           |    21 |    48 |    46 ||   115

Table legend: (Time is in decaauts)
 A = Elapsed time spent in this place.
 B = Non-inter-level travel time spent in this place.
 C = Inter-level travel time spent in this place.
 D = Time resting spent in this place.
 E = Time spent auto-exploring this place.
 F = Levels seen in this place.
 G = Mean time per level.
                   A        B        C        D        E       F      G
               +--------+--------+--------+--------+--------+-----+--------+
         Total |   6194 |   5915 |    279 |   1479 |   2968 |   8 |  774.2 |
       Dungeon |   5998 |   5766 |    232 |   1479 |   2837 |   7 |  856.9 |
        Temple |    196 |    149 |     47 |      0 |    131 |   1 |  196.0 |
               +--------+--------+--------+--------+--------+-----+--------+

Top non-repeatable levels by time:
     D:6: 1265 daAuts
     D:5: 1226 daAuts
     D:4: 1104 daAuts
     D:2: 766 daAuts
     D:1: 722 daAuts
     D:3: 719 daAuts
  Temple: 196 daAuts
     D:7: 194 daAuts
